 Dungeon Crawl Stone Soup version bcrawl-1.13.2 (webtiles) character file.

Game seed: 10875218870915472809

582 Heliosone the Skirmisher (level 7, -6/63 HPs)
             Began as a Djinni Reaver on Aug 9, 2019.
             Was a Believer of Vehumet.
             Mangled by an ogre
             ... wielding a +0 giant club
              (21 damage)
             ... on level 4 of the Dungeon.
             The game lasted 00:09:55 (4335 turns).

Heliosone the Skirmisher (Djinni Reaver)            Turns: 4335, Time: 00:09:56

Health: -6/63      AC:  9    Str: 13    XL:     7   Next: 14%
Magic:  12/12      EV: 14    Int: 19    God:    Vehumet [**....]
Gold:   329        SH:  0    Dex:  9    Spells: 12/13 levels left

rFire    . . .     SeeInvis .   a - +0 trident
rCold    . . .     Gourm    .   (no shield)
rNeg     . . .     Faith    .   b - +0 steam dragon scales
rPois    .         Spirit   .   q - +1 helmet
rElec    .         Reflect  .   j - +0 cloak
rCorr    .         Harm     .   (no gloves)
MR       .....     Rnd*Rage +   (boots unavailable)
Stlth    +.........             (no amulet)
HPRegen  0.20/turn              (no ring)
MPRegen  0.13/turn              (no ring)

@: flying
A: never pass out, berserk 2, blink, blurry vision 2, wild magic 2, MP-powered
wands, floating
a: Blink, Renounce Religion


You were on level 4 of the Dungeon.
You worshipped Vehumet.
Vehumet was pleased with you.
You were hungry.

You visited 1 branch of the dungeon, and saw 4 of its levels.

You collected 329 gold pieces.

Inventory:

Hand Weapons
 a - a +0 trident (weapon)
 n - a +0 blowgun
Missiles
 o - 174 poisoned needles
 v - 30 needles of frenzy
Armour
 b - +0 steam dragon scales (worn)
 j - a +0 cloak (worn)
 q - a +1 helmet (worn)
Jewellery
 g - an uncursed ring of protection from cold
 m - a cursed ring of attention {unknown}
Scrolls
 d - a scroll of immolation
 e - 7 scrolls of identify {unknown}
 l - a scroll of teleportation {unknown}
 r - a scroll of enchant weapon {unknown}
 s - a scroll of blinking {unknown}
 t - a scroll of amnesia {unknown}
Potions
 c - a potion of haste
 h - a potion of degeneration {unknown}
 i - 3 potions of curing {unknown}
 k - a potion of berserk rage {unknown}
 p - a potion of cancellation {unknown}
Comestibles
 f - 7 rations {!d}


   Skills:
 + Level 6.0 Fighting
 - Level 3.0 Polearms
 + Level 3.2 Armour
 + Level 5.1 Dodging
 - Level 3.5 Spellcasting
 - Level 1.0 Earth Magic


You had 12 spell levels left.
You knew the following spells:

 Your Spells              Type           Power        Failure   Level  Hunger
a - Sandblast             Erth           ##....       21%         1    None

Your spell library contained the following spells:

 Spells                   Type           Power        Failure   Level  Hunger
 Sting                    Conj/Pois      #...         28%         1    None
 Confuse                  Hex            #.......     58%         3    ###....
 Dazzling Spray           Conj/Hex       #.....       58%         3    ###....
 Petrify                  Tmut/Erth      #.......     87%         4    ####...
 Yara's Violent Unravell  Hex/Tmut       #.........   91%         4    ####...
 Iskenderun's Battlesphe  Conj/Chrm      #.......     99%         5    ######.
 Metabolic Englaciation   Hex/Ice        #.........   99%         5    ######.
 Mana Rupture             Conj/Hex       #.........   100%        7    #######


Dungeon Overview and Level Annotations

Branches:
Dungeon (4/12)
 Temple: D:4-7

Altars:
Gozag


Innate Abilities, Weirdness & Mutations

You never pass out after going berserk.
You often lose your temper in combat.
You can translocate small distances at will.
Scrolls take you longer to read.
Your spells are harder to cast, but more powerful.
You expend magic power (3 MP) to strengthen your wands.
Your body floats in the air.


Message History

You are too injured to fight recklessly!
You are too injured to fight recklessly!
You are too injured to fight recklessly!
You are too injured to fight recklessly!
You are too injured to fight recklessly!
You closely miss the ogre.
The ogre is lightly wounded.
The ogre closely misses you. The ogre barely misses you.
You hit the ogre but do no damage.
The ogre is lightly wounded.
The ogre closely misses you.
The ogre hits you with a +0 giant spiked club!
* * * LOW HITPOINT WARNING * * *
You hit the ogre.
The ogre is moderately wounded.
The ogre closely misses you. x2
You puncture the ogre!
The ogre is heavily wounded.
The ogre hits you with a +0 giant club!!
You die...

...###............##... ###....
...................#..#####......
#................................
#...>..........#.............##..
##.............#...........####..
##.............##................
#..............###...............
...###.........###..........#####
..## ####.......@O.....###### .##
##......O..#### ## #....####..##
#...## ##..# ##..## #..## #...#
##..### # ##..## #.....### # #
#..## #.......### ## # ##..#
#..###....####.


You could see 2 ogres.

Vanquished Creatures
  A sky beast (D:3)
  An ogre (D:4)
  A bullfrog (D:4)
  A howler monkey (D:4)
  2 crimson imps
  A hound (D:4)
  A bullfrog skeleton (D:4)
  A worker ant (D:4)
  3 gnolls
  3 adders
  4 worms
  3 dart slugs
  4 leopard geckos
  10 orcs
  5 bats
  A giant cockroach (D:1)
  9 goblins
  11 hobgoblins
  4 jackals (D:1)
  2 quokkas
  A ball python (D:1)
  3 frilled lizards
  A jackal skeleton (D:3)
  5 kobolds
  2 rats
80 creatures vanquished.

Notes
Turn   | Place    | Note
-------+----------+-------------------------------------------
     0 | D:1      | Heliosone the Djinni Reaver began the quest for the Orb.
     0 | D:1      | Reached XP level 1. HP: 19/19 MP: 4/4
   103 | D:1      | Reached XP level 2. HP: 21/27 MP: 6/6
   157 | D:1      | Reached skill level 4 in Fighting
   741 | D:1      | Reached * piety under Vehumet
   741 | D:1      | Offered knowledge of Sandblast by Vehumet.
   744 | D:1      | Learned a level 1 spell: Sandblast
   817 | D:1      | Reached XP level 3. HP: 26/34 MP: 7/7
  1377 | D:2      | Reached skill level 1 in Earth Magic
  1625 | D:2      | Gained mutation: Your spells are harder to cast, but more
                  | powerful. [Djinni growth]
  1625 | D:2      | Gained mutation: You can translocate small distances at
                  | will. [Djinni growth]
  1625 | D:2      | Reached XP level 4. HP: 41/41 MP: 9/9
  1632 | D:2      | Found an opulent altar of Gozag.
  1930 | D:2      | Reached ** piety under Vehumet
  2074 | D:3      | Offered knowledge of Sting by Vehumet.
  2076 | D:3      | Reached skill level 1 in Armour
  2320 | D:3      | Noticed a sky beast
  2340 | D:3      | Killed a sky beast
  2340 | D:3      | Reached skill level 5 in Fighting
  2340 | D:3      | Reached XP level 5. HP: 15/48 MP: 10/10
  3469 | D:4      | Reached XP level 6. HP: 54/56 MP: 11/11
  3987 | D:4      | Reached skill level 5 in Dodging
  3987 | D:4      | Reached XP level 7. HP: 54/62 MP: 12/12
  3997 | D:4      | Reached skill level 6 in Fighting
  4335 | D:4      | Mangled by an ogre

Skill      XL: |  1  2  3  4  5  6  7 |
---------------+----------------------+-----
Fighting       | 4 5 6 |  6.0
Earth Magic    | 1 |  1.0
Armour         | 1 2 3 |  3.2
Dodging        | 4 5 |  5.1
Polearms       | |  3.0
Spellcasting   | |  3.5

Action                   |  1- 3 |  4- 6 |  7- 9 || total
-------------------------+-------+-------+-------++-------
Melee: Trident           |   171 |   170 |    36 ||   377
 Stab: Sleeping          |     1 |       |       ||     1
  Eat: Chunk             |     3 |     6 |     2 ||    11
Armor: Steam dragon scal |    38 |    41 |    15 ||    94
Dodge: Dodged            |   106 |   106 |    28 ||   240
